 Dungeon Crawl Stone Soup version 0.23.1-37-gaa34b87b72 (webtiles) character file.

Game seed: 3495459529856651274

13577 PentaManta the Impaler (level 12, -4/100 (102) HPs)
             Began as a Merfolk Berserker on Mar 26, 2019.
             Was a High Priest of Trog.
             Succumbed to something's dark miasma
             ... in a Gauntlet.
             The game lasted 00:29:35 (11105 turns).

PentaManta the Impaler (Merfolk Berserker)         Turns: 11105, Time: 00:29:36

HP:   -4/100 (102)  AC: 13    Str: 23    XL:     12   Next: 7%
MP:   4/4           EV: 16    Int:  6    God:    Trog [*****.]
Gold: 478           SH:  2    Dex: 16    Spells: 11/11 levels left

rFire    . . .     SeeInvis .   i - +4 glaive (antimagic)
rCold    + . .     Gourm    .   (shield currently unavailable)
rNeg     . . .     Faith    .   C - +0 chain mail {rC+}
rPois    .         Spirit   .   I - +0 helmet
rElec    .         Reflect  +   (no cloak)
rCorr    .         Harm     .   D - +0 pair of gloves {archery}
MR       .....     NoTele   +   O - +2 pair of boots
Stlth    ..........             Q - +2 amulet of reflection
HPRegen  0.00/turn              r - +3 ring of dexterity
MPRegen  0.09/turn              F - +2 ring of slaying

@: lethally poisoned (-4 -> -88), berserk cooldown, non-regenerating, diseased,
slowed, very slow
A: change form in water, swift swim, stealthy swim
a: Berserk, Trog's Hand, Brothers in Arms, Renounce Religion


You were in a Gauntlet.
You worshipped Trog.
Trog was extremely pleased with you.
You were not hungry.

You visited 2 branches of the dungeon, and saw 12 of its levels.
You also visited: Sewer and Gauntlet.

You collected 478 gold pieces.

Inventory:

Hand Weapons
 i - a +4 antimagic glaive (weapon)
 s - a +1 spear of venom
Missiles
 A - 4 throwing nets (quivered)
Armour
 k - a +0 shield
 C - a +0 chain mail of cold resistance (worn)
 D - a +0 pair of gloves of archery (worn)
 I - a +0 helmet (worn)
 J - a +1 troll leather armour
 O - a +2 pair of boots (worn)
Jewellery
 b - an uncursed ring of ice
 h - an uncursed ring of ice
 p - an uncursed ring of fire
 r - a +3 ring of dexterity (left hand)
 t - an uncursed amulet of the gourmand {unknown}
 F - a +2 ring of slaying (right hand)
 Q - a +2 amulet of reflection (around neck)
Wands
 a - a wand of acid (6)
 q - a wand of polymorph (15)
 K - a wand of paralysis (13)
 N - a wand of clouds (6)
Scrolls
 d - 9 scrolls of teleportation
 m - 2 scrolls of enchant armour
 n - 2 scrolls of remove curse
 y - 2 scrolls of fog
Potions
 f - 4 potions of might
 g - 7 potions of brilliance
 j - 3 potions of lignification
 o - a potion of mutation
 u - a potion of flight
 v - 3 potions of heal wounds
 x - a potion of agility
 z - 2 potions of cancellation
 G - a potion of resistance
 L - a potion of magic
Miscellaneous
 R - a lightning rod (4/4)
 S - a lamp of fire
Comestibles
 c - 12 rations


   Skills:
 + Level 12.3 Fighting
 + Level 15.3 Polearms
 - Level 1.4 Armour
 + Level 14.0 Dodging


You had 11 spell levels left.
You didn't know any spells.
Your spell library was empty.

Dungeon Overview and Level Annotations

Branches:
Dungeon (11/15)            Temple (1/1) D:4            Lair (0/6) D:8
    Orc (0/2) D:11

Altars:
Ashenzari
Fedhas
Gozag
Kikubaaqudgha
Makhleb
Qazlal
Trog
Uskayaw
Vehumet
Yredelemnul

Shops:
D:11 *

Annotations:
D:5 Ijyb Gauntlet 11 transporters, exclusion: obsidian statue


Message History

The death drake breathes miasma at you. The foul vapour engulfs you.
You are more poisoned.
You feel your flesh rotting away!
You feel ill.
* * * LOW HITPOINT WARNING * * *
The death drake barely misses you.
You are engulfed in dark miasma.
You are more poisoned.
* * * LOW HITPOINT WARNING * * *
x2 You feel very sick.
You feel a strong urge to attack something.
You are engulfed in dark miasma.
You are more poisoned.
You feel as though you will be slow longer.
* * * LOW HITPOINT WARNING * * *
x2 You feel very sick.
You are no longer berserk.
You are exhausted.
You feel as though you will be slow longer.
You die...

#..##.##..#...#[.#.#..#...≈#
#?....#...#####..#.#..#...##
#.##.##.#Z#...#wwwww..#...≈#
#ZZZ...Z.Z#...#########...##
###########...............≈#
............8.....8.....8.##
.....8.....................##
.............###########...§#
.#########...#°°@......#..§##
.#(......#...#°#k#.#.#.#.[§§#
.#!##.##.#####°°#.#.#..#.§§##
.##..#..##...#°#○#.#.#.#...§#
.#©##©##.#©.©#°.#○©.#..#©8.##
.##8.#..##...#%#.#.#.#.#...≈#
.#[##.##.#####).#.#.#..#...##
.#.......#...#.#○#.#.#.#.∩.≈#
.#########...#.........#...##


You could see a death drake, a tyrant leech, 4 swamp worms, a harpy simulacrum
and a centaur warrior simulacrum.

Vanquished Creatures
  Harold (D:9)
  2 two-headed ogres
  Pikel (D:9)
  2 ugly things
  A spectral centaur (Gauntlet)
  3 trolls
  Grinder (D:3)
  A spectral meliai (Gauntlet)
  A hippogriff (D:8)
  Sigmund (D:3)
  11 yaks
  A wraith (D:10)
  A wyvern (D:10)
  A basilisk (D:8)
  2 hungry ghosts (D:7)
  A steam dragon (D:10)
  Duvessa (D:5)
  2 porcupines (D:8)
  3 sky beasts
  A slave (D:9)
  4 ice beasts
  3 necrophages
  5 phantoms
  3 ogres
  3 centaurs
  2 crocodiles (D:8)
  Blork the orc (D:6)
  4 bullfrogs
  Dowan (D:5)
  5 scorpions
  A water moccasin skeleton (D:9)
  A wyvern skeleton (D:9)
  6 killer bees (D:10)
  A howler monkey (D:5)
  8 crimson imps
  3 bullfrog zombies
  2 centaur zombies
  5 hounds
  3 jellies
  6 orc priests
  2 orc wizards
  A bullfrog skeleton (D:9)
  Jessica (D:3)
  4 iguanas
  14 worker ants
  A killer bee zombie (D:8)
  A hound zombie (D:3)
  A hound skeleton (D:8)
  6 gnolls
  A howler monkey skeleton (D:6)
  5 river rats (Sewer)
  14 adders
  2 shadow imps
  3 oozes
  2 worms
  5 leopard geckos
  26 orcs
  9 bats
  7 giant cockroaches
  5 goblins
  10 hobgoblins
  16 jackals
  27 kobolds
  4 quokkas
  8 ball pythons
  6 frilled lizards
  2 gnoll zombies (D:2)
  A quokka zombie (D:5)
  25 rats
314 creatures vanquished.

Vanquished Creatures (collateral kills)
  An ogre mage (D:10)
  A centaur skeleton (D:10)
  A slime creature (D:10)
  A shadow (D:10)
  A hungry ghost (D:10)
  An orc warrior (D:10)
  A wyvern skeleton (D:10)
7 creatures vanquished.

Vanquished Creatures (others)
  A bush (D:8)
  5 fungi (D:8)
  5 plants (D:8)
11 creatures vanquished.

Grand Total: 332 creatures vanquished

Notes
Turn   | Place    | Note
-------+----------+-------------------------------------------
     0 | D:1      | PentaManta the Merfolk Berserker began the quest for the
                  | Orb.
     0 | D:1      | Reached XP level 1. HP: 18/18 MP: 1/1
   242 | D:1      | Reached XP level 2. HP: 15/24 MP: 2/2
   932 | D:1      | You fall through a shaft!
   998 | D:2      | Reached XP level 3. HP: 30/30 MP: 3/3
  1004 | D:2      | Reached skill level 5 in Polearms
  1009 | D:2      | Found a basalt altar of Yredelemnul.
  1054 | D:2      | Found a bloodstained altar of Trog.
  1074 | D:2      | Reached ** piety under Trog
  1163 | D:2      | Reached XP level 4. HP: 19/37 MP: 4/4
  1647 | D:3      | Noticed Grinder
  2105 | D:3      | Paralysed by Grinder for 3 turns
  2114 | D:3      | Paralysed by Grinder for 6 turns
  2122 | D:3      | Killed Grinder
  2122 | D:3      | Reached skill level 5 in Fighting
  2122 | D:3      | Reached skill level 6 in Polearms
  2122 | D:3      | Reached skill level 5 in Dodging
  2122 | D:3      | Reached XP level 5. HP: 44/44 MP: 5/5
  2122 | D:3      | Reached XP level 6. HP: 51/51 MP: 6/6
  2332 | D:3      | Reached *** piety under Trog
  2340 | D:3      | Noticed Jessica
  2344 | D:3      | Killed Jessica
  2552 | D:3      | Noticed Sigmund
  2558 | D:3      | Killed Sigmund
  2558 | D:3      | Reached skill level 7 in Polearms
  2558 | D:3      | Reached XP level 7. HP: 57/57 MP: 7/7
  2747 | D:3      | Found a shattered altar of Ashenzari.
  2868 | D:4      | Found a glowing drain.
  2899 | Sewer    | Entered a sewer
  3464 | Sewer    | Reached **** piety under Trog
  3829 | D:4      | Found a staircase to the Ecumenical Temple.
  3839 | Temple   | Entered the Ecumenical Temple
  3918 | D:4      | Reached skill level 8 in Polearms
  4343 | D:4      | Found an ancient bone altar of Kikubaaqudgha.
  4345 | D:4      | Found an opulent altar of Gozag.
  4376 | D:4      | Reached XP level 8. HP: 46/65 MP: 8/8
  4813 | D:5      | Entered Level 5 of the Dungeon
  5037 | D:5      | Reached skill level 9 in Polearms
  5121 | D:5      | Noticed Ijyb
  5121 | D:5      | Noticed Dowan
  5124 | D:5      | Noticed Duvessa
  5133 | D:5      | Killed Duvessa
  5148 | D:5      | Killed Dowan
  5449 | D:5      | Found a blossoming altar of Fedhas.
  5579 | D:6      | Found a burning altar of Makhleb.
  5580 | D:6      | Found a radiant altar of Vehumet.
  5624 | D:6      | Noticed Blork the orc
  5630 | D:6      | Killed Blork the orc
  5751 | D:6      | Reached skill level 10 in Polearms
  5755 | D:6      | Reached XP level 9. HP: 67/74 MP: 9/9
  6341 | D:7      | Found a hide-covered altar of Uskayaw.
  6368 | D:7      | Reached ***** piety under Trog
  6859 | D:7      | Reached skill level 11 in Polearms
  7066 | D:7      | Reached skill level 10 in Dodging
  7281 | D:8      | Reached XP level 10. HP: 83/83 MP: 10/10
  7563 | D:8      | Reached skill level 12 in Polearms
  7566 | D:8      | Found a staircase to the Lair.
  7940 | D:8      | Noticed a two-headed ogre
  7958 | D:8      | Killed a two-headed ogre
  7958 | D:8      | Reached skill level 10 in Fighting
  8177 | D:8      | Reached skill level 13 in Polearms
  8927 | D:9      | Received a gift from Trog
  9058 | D:9      | Noticed Harold
  9077 | D:9      | Killed Harold
  9077 | D:9      | Reached XP level 11. HP: 92/92 MP: 11/11
  9134 | D:9      | Found a stormy altar of Qazlal.
  9162 | D:9      | Noticed a two-headed ogre
  9165 | D:9      | Noticed Pikel
  9173 | D:9      | Killed a two-headed ogre
  9180 | D:9      | Killed Pikel
  9180 | D:9      | Reached skill level 14 in Polearms
  9428 | D:10     | Entered Level 10 of the Dungeon
  9766 | D:10     | Noticed an ogre mage
  9766 | D:10     | Noticed a green ugly thing
  9779 | D:10     | Killed a green ugly thing
  9780 | D:10     | Killed an ogre mage
 10022 | D:10     | Found an opulent altar of Gozag.
 10275 | D:10     | Received a gift from Trog
 10597 | D:11     | Noticed a red ugly thing
 10612 | D:11     | Killed a red ugly thing
 10619 | D:11     | Reached skill level 15 in Polearms
 10658 | D:11     | Found Ipsikh's Island Escapes.
 10718 | D:11     | Found a gate leading to a gauntlet.
 10733 | Gauntlet | Entered a Gauntlet
 10733 | Gauntlet | Found a transporter.
 10765 | Gauntlet | Noticed a spectral death yak
 10767 | Gauntlet | Found a transporter.
 10771 | Gauntlet | Noticed a death scarab
 10773 | Gauntlet | Noticed a death scarab
 10779 | Gauntlet | Found a transporter.
 10783 | Gauntlet | Found a transporter.
 10790 | Gauntlet | Noticed a wizard
 10798 | Gauntlet | Found a transporter.
 10798 | Gauntlet | Noticed a wizard
 10812 | Gauntlet | Noticed an obsidian statue
 10813 | Gauntlet | Found a transporter.
 10826 | Gauntlet | Found a transporter.
 10843 | Gauntlet | Found a transporter.
 10847 | Gauntlet | Found a transporter.
 10855 | Gauntlet | Found a transporter.
 10882 | Gauntlet | Found a transporter.
 10882 | Gauntlet | Found a transporter.
 10882 | Gauntlet | Noticed a death drake
 10892 | Gauntlet | Found the +8 arc blade {discharge, rElec}
 11068 | Gauntlet | Reached XP level 12. HP: 100/100 MP: 4/12
 11104 | Gauntlet | HP: 4/150 [poisoned by something (dark miasma)]
 11105 | Gauntlet | Succumbed to something's dark miasma

Skill      XL: |  1  2  3  4  5  6  7  8  9 10 11 12 |
---------------+-------------------------------------+-----
Dodging        | 3 5 6 7 8 10 12 13 14 | 14.0
Polearms       | 5 6 7 8 10 11 13 15 | 15.3
Fighting       | 4 5 6 7 9 10 12 | 12.3
Armour         | |  1.4

Action                   |  1- 3 |  4- 6 |  7- 9 | 10-12 || total
-------------------------+-------+-------+-------+-------++-------
Melee: Spear             |   116 |   129 |   706 |   489 ||  1440
       Glaive            |       |       |       |    78 ||    78
Throw: Throwing net      |       |       |       |     2 ||     2
Invok: Berserk           |     3 |     4 |     7 |    10 ||    24
       Trog's Hand       |     1 |       |     1 |     2 ||     4
       Brothers in Arms  |       |       |       |     3 ||     3
  Use: Potion            |       |       |     3 |     4 ||     7
       Scroll            |       |       |       |    25 ||    25
 Stab: Sleeping          |     2 |     3 |       |     1 ||     6
       Distracted        |       |     1 |     1 |       ||     2
       Held in net/web   |       |       |       |     3 ||     3
  Eat: Chunk             |     2 |     3 |    18 |    12 ||    35
       Ration            |       |     2 |     3 |     4 ||     9
Armor: Animal skin       |    19 |    15 |    57 |       ||    91
       Chain mail        |       |       |    44 |    43 ||    87
       Troll leather arm |       |       |       |    32 ||    32
Dodge: Dodged            |    64 |    77 |   323 |   282 ||   746
Block: Other             |       |       |       |    12 ||    12
       Reflection        |       |       |       |     1 ||     1
